Workbook

Sheet Anexo III - Consolidado
A2: ANEXO III – PLANILHA ESTIMATIVA DE CUSTOS E FORMAÇÃO DE PREÇOS CONSOLIDADA - Campina Grande
A4: QUADRO RESUMO DO CUSTO ANUAL COM MÃO-DE-OBRA, INSUMOS E DEMAIS COMPONENTES
A6: Item | B6: Discriminação | C6: Custo Mensal (R$) | D6: Meses | E6: Custo Anual (R$) | F6: % do Custo
A7: 1 | B7: MÃO-DE-OBRA (SERVIÇOS PREVENTIVOS E CORRETIVOS)
A8: 1.1 | B8: Equipe Administrativa - ANEXO III A | C8: ='Anexo III A - Mão_de_Obra'!C102+'Anexo III A - Mão_de_Obra'!D102+'Anexo III A - Mão_de_Obra'!E102 -> 0 | D8: 12 | E8: =C8*D8 -> 0 | F8: =E8/$E$11 -> #DIV/0!
A9: 1.2 | B9: Equipe Técnica - ANEXO III A | C9: ='Anexo III A - Mão_de_Obra'!F102+'Anexo III A - Mão_de_Obra'!G102 -> 0 | D9: 12 | E9: =C9*D9 -> 0 | F9: =E9/$E$11 -> #DIV/0!
E10: 0 | F10: 0
B11: TOTAL MÃO-DE-OBRA | C11: =C8+C9 -> 0 | E11: =E8+E9 -> 0 | F11: =SUM(F8:F10) -> #DIV/0!
A13: 2 | B13: DEMAIS INSUMOS
A14: 2.1 | B14: Estimativa de Pernoite e Alimentação (Jantar) - ANEXO III F | C14: ='Anexo III F - Transp. +_Diárias'!G14 -> 0 | D14: 12 | E14: =C14*D14 -> 0 | F14: =E14/$E$19 -> #DIV/0!
A15: 2.2 | B15: Estimativa – Desloc. Veículo Manutenção - ANEXO III F | C15: ='Anexo III F - Transp. +_Diárias'!G17 -> 0 | D15: 12 | E15: =C15*D15 -> 0 | F15: =E15/$E$19 -> #DIV/0!
A16: 2.3 | B16: Estimativa - Pedágio e outras Tarifas | C16: 0 | D16: 12 | E16: 0 | F16: =E16/$E$19 -> #DIV/0!
A17: 2.4 | B17: Estimativa p/Despesas c/Transporte - Ônibus Rodoviário | C17: 0 | D17: 12 | E17: 0 | F17: =E17/$E$19 -> #DIV/0!
A18: 2.5 | B18: Material (Circulante) - ANEXO III B | C18: ='Anexo III B- Materiais_Insumos'!F53 -> 0 | D18: 12 | E18: =C18*D18 -> 0 | F18: =E18/$E$19 -> #DIV/0!
B19: TOTAL OUTROS INSUMOS | C19: =SUM(C14:C18) -> 0 | E19: =SUM(E14:E18) -> 0 | F19: =SUM(F14:F18) -> #DIV/0!
A21: 3 | B21: TAXA DE BENEFÍCIOS E DESPESAS INDIRETAS – BDI
A22: 3.1 | B22: BDI Referencial - ANEXO III E | F22: ='Anexo III E - Cálculo BDI'!D30 -> 0
A23: 3.2 | B23: BDI Diferenciado - ANEXO III E | F23: ='Anexo III E - Cálculo BDI'!I30 -> 0
A25: 4 | B25: SERVIÇOS PREVENTIVOS E CORRETIVOS + DEMAIS INSUMOS
A26: 4.1 | B26: Custos dos Serviços Preventivos e Corretivos S/ BDI | C26: =C11+C19 -> 0 | D26: 12 | E26: =C26*D26 -> 0 | F26: =E26/E27 -> #DIV/0!
A27: 4.2 | B27: Custos dos Serviços Preventivos e Corretivos C/ BDI | C27: =C26*(1+F22) -> 0 | D27: 12 | E27: =C27*D27 -> 0 | F27: 1
A29: 5 | B29: PEÇAS SOB DEMANDA
A30: 5.1 | B30: Custos das Peças sob Demanda S/ BDI - ANEXO III C | C30: ='Anexo III C - Peças sob Demanda'!F86 -> 0 | D30: 12 | E30: =C30*D30 -> 0 | F30: =E30/E31 -> #DIV/0!
A31: 5.2 | B31: Custos das Peças sob Demanda C/ BDI – ANEXO III C | C31: =C30*(1+F23) -> 0 | D31: 12 | E31: =C31*D31 -> 0 | F31: 1
A33: 6 | B33: SERVIÇOS EVENTUAIS
A34: 6.1 | B34: Custos dos Serviços Eventuais S/ BDI - ANEXO III D | C34: ='Anexo III D - Serv._Eventuais'!I13 -> 0 | D34: 12 | E34: =C34*D34 -> 0 | F34: =E34/E35 -> #DIV/0!
A35: 6.2 | B35: Custos dos Serviços Eventuais C/ BDI – ANEXO III D | C35: =C34*(1+F22) -> 0 | D35: 12 | E35: =C35*D35 -> 0 | F35: 1
A37: 7 | B37: VALOR TOTAL DOS SERVIÇOS PREVENTIVOS E CORRETIVOS (S/ SERVIÇOS EVENTUAIS E S/ PEÇAS SOB DEMANDA) | C37: =C27 -> 0 | D37: 12 | E37: =C37*D37 -> 0 | F37: =E37/E44 -> #DIV/0!
A38: 7.1 | B38: DESCONTO OFERECIDO PELA LICITANTE EM PERCENTUAL | E38: ______%
A39: 8 | B39: VALOR TOTAL DAS PEÇAS SOB DEMANDA | C39: =C31 -> 0 | D39: 12 | E39: =C39*D39 -> 0 | F39: =E39/E44 -> #DIV/0!
A40: 8.1 | B40: DESCONTO OFERECIDO PELA LICITANTE EM PERCENTUAL | E40: ______%
A41: 9 | B41: VALOR TOTAL DOS SERVIÇOS EVENTUAIS | C41: =C35 -> 0 | D41: 12 | E41: =C41*D41 -> 0 | F41: =E41/E44 -> #DIV/0!
A42: 9.1 | B42: DESCONTO OFERECIDO PELA LICITANTE EM PERCENTUAL | E42: ______%
A44: 10 | B44: VALOR TOTAL DOS SERVIÇOS PREVENTIVOS E CORRETIVOS C/ SERVIÇOS EVENTUAIS E C/ PEÇAS SOB DEMANDA | C44: =C37+C39+C41 -> 0 | D44: 12 | E44: =C44*D44 -> 0 | F44: 1

Sheet Anexo III A - Mão_de_Obra
A2: ANEXO III A – PLANILHA DE CUSTOS E FORMAÇÃO DE PREÇOS DE MÃO DE OBRA - Campina Grande
A4: PLANILHA DE CUSTOS E FORMAÇÃO DE PREÇOS DE MÃO DE OBRA
B6: Campina Grande
C7: NÚMERO DE REGISTRO:
C8: DATA BASE DA CATEGORIA:
C11: EQUIPE ADMINISTRATIVA | F11: EQUIPE TÉCNICA
A12: REFERÊNCIAS PARA O SALÁRIO NORMATIVO: | B12: PROFISSIONAIS NECESSÁRIOS | C12: Supervisor de manutenção de aparelhos térmicos, de climatização e de refrigeração (CBO 9101-10) | D12: 2) AUXILIAR DE ESCRITÓRIO (CBO 4110-05) | E12: 3) TÉCNICO DE SEGURANÇA DO TRABALHO (CBO -3516-05) | F12: 4) MECÂNICO DE REFRIGERAÇÃO (CBO 7257-05) | G12: 5) AUXILIAR DE MECÂNICO (CBO 9112-05)
B13: SALÁRIO NORMATIVO DA CATEGORIA | C13: 0 | D13: 0 | E13: 0 | F13: 0 | G13: 0
A16: CUSTOS | B16: PERCENTUAIS E VALORES DE REFERÊNCIA
A17: MÓDULO 1: COMPOSIÇÃO DA REMUNERAÇÃO
A18: 1 - Composição da Remuneração | C18: Valor (R$) | D18: Valor (R$) | E18: Valor (R$) | F18: Valor (R$) | G18: Valor (R$) | H18: Valor (R$)
A19: A - Salário Base | C19: =C13 -> 0 | D19: =D13 -> 0 | E19: =E13 -> 0 | F19: =F13 -> 0 | G19: =G13 -> 0 | H19: 0
A20: B - Adicional por atividade (CCT)
A21: C - Adicional Periculosidade | B21: 0.3 | F21: =F19*0.3 -> 0 | G21: =G19*0.3 -> 0
A22: D - Adicional noturno
A23: E - Adicional de Hora Noturna Reduzida
A24: F - Adicional de Hora Extra no Feriado Trabalhado
A25: G - Outros (especificar) - Adicional Motorista
A26: TOTAL DO MÓDULO 1 (COMPOSIÇÃO DA REMUNERAÇÃO) | C26: =SUM(C19:C25) -> 0 | D26: =SUM(D19:D25) -> 0 | E26: =SUM(E19:E25) -> 0 | F26: =SUM(F19:F25) -> 0 | G26: =SUM(G19:G25) -> 0 | H26: 0
A28: MÓDULO 2: ENCARGOS E BENEFÍCIOS ANUAIS, MENSAIS E DIÁRIOS
A29: Submódulo 2.1 - 13º Salário e Adicional de Férias
A30: 2.1 - 13º Salário, Férias e Adicional de Férias | C30: Valor (R$) | D30: Valor (R$) | E30: Valor (R$) | F30: Valor (R$) | G30: Valor (R$) | H30: Valor (R$)
A31: A - 13º salário | B31: 0.0833 | C31: =C26*$B$31 -> 0 | D31: =D26*$B$31 -> 0 | E31: =E26*$B$31 -> 0 | F31: =F26*$B$31 -> 0 | G31: =G26*$B$31 -> 0 | H31: 0
A32: B – Férias + Adicional de Férias | B32: 0.027766667 | C32: =C26*$B$32 -> 0 | D32: =D26*$B$32 -> 0 | E32: =E26*$B$32 -> 0 | F32: =F26*$B$32 -> 0 | G32: =G26*$B$32 -> 0 | H32: 0
A33: TOTAL DE 13º SALÁRIO E ADICIONAL DE FÉRIAS | B33: =SUM(B31:B32) -> 0.11106667 | C33: =C31+C32 -> 0 | D33: =D31+D32 -> 0 | E33: =E31+E32 -> 0 | F33: =F31+F32 -> 0 | G33: =G31+G32 -> 0 | H33: 0
A34: Submódulo 2.2 - Encargos previdenciários e FGTS
A35: 2.2 - Encargos previdenciários e FGTS | C35: Valor (R$) | D35: Valor (R$) | E35: Valor (R$) | F35: Valor (R$) | G35: Valor (R$) | H35: Valor (R$)
A36: A - INSS | B36: 0 | C36: =$B36*(C$26+C$33) -> 0 | D36: =$B36*(D$26+D$33) -> 0 | E36: =$B36*(E$26+E$33) -> 0 | F36: =$B36*(F$26+F$33) -> 0 | G36: =$B36*(G$26+G$33) -> 0 | H36: 0
A37: B - Salário Educação | B37: 0.025 | C37: =$B37*(C$26+C$33) -> 0 | D37: =$B37*(D$26+D$33) -> 0 | E37: =$B37*(E$26+E$33) -> 0 | F37: =$B37*(F$26+F$33) -> 0 | G37: =$B37*(G$26+G$33) -> 0 | H37: 0
A38: C - Seguro Acidente do Trabalho/SAT/INSS | B38: 0.03 | C38: =$B38*(C$26+C$33) -> 0 | D38: =$B38*(D$26+D$33) -> 0 | E38: =$B38*(E$26+E$33) -> 0 | F38: =$B38*(F$26+F$33) -> 0 | G38: =$B38*(G$26+G$33) -> 0 | H38: 0
A39: D - SESI ou SESC | B39: 0.015 | C39: =$B39*(C$26+C$33) -> 0 | D39: =$B39*(D$26+D$33) -> 0 | E39: =$B39*(E$26+E$33) -> 0 | F39: =$B39*(F$26+F$33) -> 0 | G39: =$B39*(G$26+G$33) -> 0 | H39: 0
A40: E - SENAI ou SENAC | B40: 0.01 | C40: =$B40*(C$26+C$33) -> 0 | D40: =$B40*(D$26+D$33) -> 0 | E40: =$B40*(E$26+E$33) -> 0 | F40: =$B40*(F$26+F$33) -> 0 | G40: =$B40*(G$26+G$33) -> 0 | H40: 0
A41: F - SEBRAE | B41: 0.006 | C41: =$B41*(C$26+C$33) -> 0 | D41: =$B41*(D$26+D$33) -> 0 | E41: =$B41*(E$26+E$33) -> 0 | F41: =$B41*(F$26+F$33) -> 0 | G41: =$B41*(G$26+G$33) -> 0 | H41: 0
A42: G - INCRA | B42: 0.002 | C42: =$B42*(C$26+C$33) -> 0 | D42: =$B42*(D$26+D$33) -> 0 | E42: =$B42*(E$26+E$33) -> 0 | F42: =$B42*(F$26+F$33) -> 0 | G42: =$B42*(G$26+G$33) -> 0 | H42: 0
A43: F - FGTS | B43: 0.08 | C43: =$B43*(C$26+C$33) -> 0 | D43: =$B43*(D$26+D$33) -> 0 | E43: =$B43*(E$26+E$33) -> 0 | F43: =$B43*(F$26+F$33) -> 0 | G43: =$B43*(G$26+G$33) -> 0 | H43: 0
A44: TOTAL DE ENCARGOS PREVIDENCIÁRIOS E FGTS | B44: =SUM(B36:B43) -> 0.168 | C44: =SUM(C36:C43) -> 0 | D44: =SUM(D36:D43) -> 0 | E44: =SUM(E36:E43) -> 0 | F44: =SUM(F36:F43) -> 0 | G44: =SUM(G36:G43) -> 0 | H44: 0
A45: Submódulo 2.3 – Benefícios Mensais e Diários
A46: 2.3 - Benefícios Mensais e Diários | C46: Valor (R$) | D46: Valor (R$) | E46: Valor (R$) | F46: Valor (R$) | G46: Valor (R$) | H46: Valor (R$)
A47: A - Transporte | B47: 0 | C47: =$B$47*22*2-0.06*(22/30)*C13 -> 0 | D47: =$B$47*22*2-0.06*(22/30)*D13 -> 0 | E47: =$B$47*22*2-0.06*(22/30)*E13 -> 0 | F47: =$B$47*22*2-0.06*(22/30)*F13 -> 0 | G47: =$B$47*22*2-0.06*(22/30)*G13 -> 0
A48: B - Auxílio alimentação (Vales, cesta básica etc.) | B48: 0 | C48: =$B$48 -> 0 | D48: =$B$48 -> 0 | E48: =$B$48 -> 0 | F48: =$B$48 -> 0 | G48: =$B$48 -> 0
A49: C - Assistência médica e familiar | C49: 0 | D49: 0 | E49: 0 | F49: 0 | G49: 0 | H49: 0
A50: D - Auxílio creche | C50: 0 | D50: 0 | E50: 0 | F50: 0 | G50: 0 | H50: 0
A51: E - Seguro de vida, invalidez e funeral | C51: 0 | D51: 0 | E51: 0 | F51: 0 | G51: 0 | H51: 0
A52: F - Outros (especificar) | C52: 0 | D52: 0 | E52: 0 | F52: 0 | G52: 0 | H52: 0
A53: TOTAL DOS BENEFÍCIOS MENSAIS E DIÁRIOS | C53: =C47+C48 -> 0 | D53: =D47+D48 -> 0 | E53: =E47+E48 -> 0 | F53: =F47+F48 -> 0 | G53: =G47+G48 -> 0 | H53: 0
A54: QUADRO RESUMO - MÓDULO 2- ENCARGOS E BENEFÍCIOS ANUAIS, MENSAIS E DIÁRIOS | C54: Valor (R$) | D54: Valor (R$) | E54: Valor (R$) | F54: Valor (R$) | G54: Valor (R$) | H54: Valor (R$)
A55: 2.1 - 13º Salário e Adicional de Férias | B55: =B33 -> 0.11106667 | C55: =C33 -> 0 | D55: =D33 -> 0 | E55: =E33 -> 0 | F55: =F33 -> 0 | G55: =G33 -> 0 | H55: 0
A56: 2.2 - Encargos previdenciários e FGTS | B56: =B44 -> 0.168 | C56: =C44 -> 0 | D56: =D44 -> 0 | E56: =E44 -> 0 | F56: =F44 -> 0 | G56: =G44 -> 0 | H56: 0
A57: 2.3 - Benefícios Mensais e Diários | C57: =C53 -> 0 | D57: =D53 -> 0 | E57: =E53 -> 0 | F57: =F53 -> 0 | G57: =G53 -> 0 | H57: 0
A58: TOTAL DO MÓDULO 2 (ENCARGOS E BENEFÍCIOS ANUAIS, MENSAIS E DIÁRIOS) | C58: =SUM(C55:C57) -> 0 | D58: =SUM(D55:D57) -> 0 | E58: =SUM(E55:E57) -> 0 | F58: =SUM(F55:F57) -> 0 | G58: =SUM(G55:G57) -> 0 | H58: 0
A60: MÓDULO 3: PROVISÃO PARA RESCISÃO
A61: 3 - Provisão para Rescisão | C61: Valor (R$) | D61: Valor (R$) | E61: Valor (R$) | F61: Valor (R$) | G61: Valor (R$) | H61: Valor (R$)
A62: A - Aviso prévio indenizado | B62: 0.0042 | C62: =$B62*C$26 -> 0 | D62: =$B62*D$26 -> 0 | E62: =$B62*E$26 -> 0 | F62: =$B62*F$26 -> 0 | G62: =$B62*G$26 -> 0 | H62: 0
A63: B - Incidência do FGTS sobre Aviso Prévio Indenizado | B63: =B43*B62 -> 0.000336 | C63: =$B63*C$26 -> 0 | D63: =$B63*D$26 -> 0 | E63: =$B63*E$26 -> 0 | F63: =$B63*F$26 -> 0 | G63: =$B63*G$26 -> 0 | H63: 0
A64: C - Multa do FGTS e Contribuição Social sobre o aviso prévio indenizado | B64: =B43*0.4*B62 -> 0.0001344 | C64: =$B64*C$26 -> 0 | D64: =$B64*D$26 -> 0 | E64: =$B64*E$26 -> 0 | F64: =$B64*F$26 -> 0 | G64: =$B64*G$26 -> 0 | H64: 0
A65: D - Aviso prévio trabalhado | B65: 0.0194 | C65: =$B65*C$26 -> 0 | D65: =$B65*D$26 -> 0 | E65: =$B65*E$26 -> 0 | F65: =$B65*F$26 -> 0 | G65: =$B65*G$26 -> 0 | H65: 0
A66: E - Incidência de GPS, FGTS e outras contribuições (submódulo 2.2) sobre o Aviso Prévio Trabalhado | B66: =B44*B65 -> 0.0032592 | C66: =$B66*C$26 -> 0 | D66: =$B66*D$26 -> 0 | E66: =$B66*E$26 -> 0 | F66: =$B66*F$26 -> 0 | G66: =$B66*G$26 -> 0 | H66: 0
A67: F -Multa do FGTS e contribuição social sobre o Aviso Prévio Trabalhado | B67: 0.0344 | C67: =$B67*C$26 -> 0 | D67: =$B67*D$26 -> 0 | E67: =$B67*E$26 -> 0 | F67: =$B67*F$26 -> 0 | G67: =$B67*G$26 -> 0 | H67: 0
A68: TOTAL DO MÓDULO 3 (PROVISÃO PARA RESCISÃO) | B68: =SUM(B62:B67) -> 0.0617296 | C68: =SUM(C62:C67) -> 0 | D68: =SUM(D62:D67) -> 0 | E68: =SUM(E62:E67) -> 0 | F68: =SUM(F62:F67) -> 0 | G68: =SUM(G62:G67) -> 0 | H68: 0
A70: MÓDULO 4: CUSTO DE REPOSIÇÃO DO PROFISSIONAL AUSENTE
A71: Submódulo 4.1 – Ausências Legais
A72: 4.1 - Substituto nas Ausências Legais | C72: Valor (R$) | D72: Valor (R$) | E72: Valor (R$) | F72: Valor (R$) | G72: Valor (R$) | H72: Valor (R$)
A73: A - Substituto na Cobertura de Férias | B73: 0.0833 | C73: =$B73*(C$68+C$58+C$26) -> 0 | D73: =$B73*(D$68+D$58+D$26) -> 0 | E73: =$B73*(E$68+E$58+E$26) -> 0 | F73: =$B73*(F$68+F$58+F$26) -> 0 | G73: =$B73*(G$68+G$58+G$26) -> 0 | H73: 0
A74: B - Substituto na Cobertura de Ausências Legais | B74: 0.0056 | C74: =$B74*(C$68+C$58+C$26) -> 0 | D74: =$B74*(D$68+D$58+D$26) -> 0 | E74: =$B74*(E$68+E$58+E$26) -> 0 | F74: =$B74*(F$68+F$58+F$26) -> 0 | G74: =$B74*(G$68+G$58+G$26) -> 0 | H74: 0
A75: C - Substituto na Cobertura de Licença Paternidade | B75: 0.0005 | C75: =$B75*(C$68+C$58+C$26) -> 0 | D75: =$B75*(D$68+D$58+D$26) -> 0 | E75: =$B75*(E$68+E$58+E$26) -> 0 | F75: =$B75*(F$68+F$58+F$26) -> 0 | G75: =$B75*(G$68+G$58+G$26) -> 0 | H75: 0
A76: D - Substituto na Cobertura de Ausência por Acidente de Trabalho | B76: 0.0007 | C76: =$B76*(C$68+C$58+C$26) -> 0 | D76: =$B76*(D$68+D$58+D$26) -> 0 | E76: =$B76*(E$68+E$58+E$26) -> 0 | F76: =$B76*(F$68+F$58+F$26) -> 0 | G76: =$B76*(G$68+G$58+G$26) -> 0 | H76: 0
A77: E - Substituto na Cobertura de Afastamento Maternidade | B77: 0.0003 | C77: =$B77*(C$68+C$58+C$26) -> 0 | D77: =$B77*(D$68+D$58+D$26) -> 0 | E77: =$B77*(E$68+E$58+E$26) -> 0 | F77: =$B77*(F$68+F$58+F$26) -> 0 | G77: =$B77*(G$68+G$58+G$26) -> 0 | H77: 0
A78: F - Substituto na Cobertura de Doenças | B78: 0.0065 | C78: =$B78*(C$68+C$58+C$26) -> 0 | D78: =$B78*(D$68+D$58+D$26) -> 0 | E78: =$B78*(E$68+E$58+E$26) -> 0 | F78: =$B78*(F$68+F$58+F$26) -> 0 | G78: =$B78*(G$68+G$58+G$26) -> 0 | H78: 0
A79: G - Substituto na Cobertura de Outras Ausências (testemunho, doação de sangue, etc.) | B79: 0 | C79: =$B79*(C$68+C$58+C$26) -> 0 | D79: =$B79*(D$68+D$58+D$26) -> 0 | E79: =$B79*(E$68+E$58+E$26) -> 0 | F79: =$B79*(F$68+F$58+F$26) -> 0 | G79: =$B79*(G$68+G$58+G$26) -> 0 | H79: 0
A80: TOTAL DOS CUSTOS DE REPOSIÇÃO DO PROFISSIONAL AUSENTE | B80: =SUM(B73:B79) -> 0.0969 | C80: =SUM(C73:C79) -> 0 | D80: =SUM(D73:D79) -> 0 | E80: =SUM(E73:E79) -> 0 | F80: =SUM(F73:F79) -> 0 | G80: =SUM(G73:G79) -> 0 | H80: 0
A81: 4.2 - Incidência do Submódulo 2.2 sobre o Módulo 4 | B81: =B56*B80 -> 0.0162792 | C81: =$B81*(C$68+C$58+C$26) -> 0 | D81: =$B81*(D$68+D$58+D$26) -> 0 | E81: =$B81*(E$68+E$58+E$26) -> 0 | F81: =$B81*(F$68+F$58+F$26) -> 0 | G81: =$B81*(G$68+G$58+G$26) -> 0 | H81: 0
A82: TOTAL DO MÓDULO 4 (CUSTO DE REPOSIÇÃO DO PROFISSIONAL AUSENTE) | B82: =B80+B81 -> 0.1131792 | C82: =C80+C81 -> 0 | D82: =D80+D81 -> 0 | E82: =E80+E81 -> 0 | F82: =F80+F81 -> 0 | G82: =G80+G81 -> 0 | H82: 0
A84: MÓDULO 5: INSUMOS DIVERSOS
A85: 5 – INSUMOS DIVERSOS | C85: Valor (R$) | D85: Valor (R$) | E85: Valor (R$) | F85: Valor (R$) | G85: Valor (R$) | H85: Valor (R$)
A86: A – Uniformes/EPI | C86: 0 | D86: 0 | E86: 0 | F86: 0 | G86: 0 | H86: -
A87: B – Materiais | C87: 0 | D87: 0 | E87: 0 | F87: 0 | G87: 0 | H87: -
A88: C – Equipamentos / Ferramentas | C88: 0 | D88: 0 | E88: 0 | F88: 0 | G88: 0 | H88: -
A89: D - Outros (especificar) | C89: 0 | D89: 0 | E89: 0 | F89: 0 | G89: 0 | H89: -
A90: TOTAL DO MÓDULO 5 (INSUMOS DIVERSOS) | C90: =SUM(C86:C89) -> 0 | D90: =SUM(D86:D89) -> 0 | E90: =SUM(E86:E89) -> 0 | F90: =SUM(F86:F89) -> 0 | G90: =SUM(G86:G89) -> 0 | H90: -
A92: QUADRO RESUMO DO CUSTO MENSAL POR EMPREGADO
A93: Mão-de-obra vinculada à execução contratual (valor por empregado) | C93: Valor (R$) | D93: Valor (R$) | E93: Valor (R$) | F93: Valor (R$) | G93: Valor (R$) | H93: Valor (R$)
A94: A - MÓDULO 1 - COMPOSIÇÃO DA REMUNERAÇÃO | C94: =C26 -> 0 | D94: =D26 -> 0 | E94: =E26 -> 0 | F94: =F26 -> 0 | G94: =G26 -> 0 | H94: 0
A95: B - MÓDULO 2 - ENCARGOS E BENEFÍCIOS ANUAIS, MENSAIS E DIÁRIOS | C95: =C58 -> 0 | D95: =D58 -> 0 | E95: =E58 -> 0 | F95: =F58 -> 0 | G95: =G58 -> 0 | H95: 0
A96: C - MÓDULO 3 - PROVISÃO PARA RESCISÃO | C96: =C68 -> 0 | D96: =D68 -> 0 | E96: =E68 -> 0 | F96: =F68 -> 0 | G96: =G68 -> 0 | H96: 0
A97: D – MÓDULO 4 - CUSTO DE REPOSIÇÃO DO PROFISSIONAL AUSENTE | C97: =C82 -> 0 | D97: =D82 -> 0 | E97: =E82 -> 0 | F97: =F82 -> 0 | G97: =G82 -> 0 | H97: 0
A98: D - MÓDULO 5 - INSUMOS DIVERSOS | C98: =C90 -> 0 | D98: =D90 -> 0 | E98: =E90 -> 0 | F98: =F90 -> 0 | G98: =G90 -> 0 | H98: -
A99: VALOR TOTAL POR EMPREGADO | C99: =SUM(C94:C98) -> 0 | D99: =SUM(D94:D98) -> 0 | E99: =SUM(E94:E98) -> 0 | F99: =SUM(F94:F98) -> 0 | G99: =SUM(G94:G98) -> 0 | H99: 0
A101: PERCENTUAL MENSAL POR EMPREGADO | C101: 0.5 | D101: 1 | E101: 0.1 | F101: 1 | G101: 1
A102: VALOR TOTAL MENSAL POR EMPREGADO | C102: =C99*C101 -> 0 | D102: =D99*D101 -> 0 | E102: =E99*E101 -> 0 | F102: =F99*F101 -> 0 | G102: =G99*G101 -> 0 | H102: 0
A104: OBSERVAÇÃO: A LICITANTE É RESPONSÁVEL PELO CORRETO PREENCHIMENTO, INCLUSIVE QUANTO A VERIFICAÇÃO DE FÓRMULAS DE CÁLCULO DA PLANILHA.
A105: A licitante deve adotar a correta tributação à qual esteja vinculada e caso tenha havido erro, e a tributação real seja pela CPRB, será promovido o reequilíbrio dos valores pactuados para correção da falha, caso contrário a empresa deve arcar com o ônus de seu equívoco, conforme notas introdutórias das minutas padrão do INSS;
A106: Acórdão nº 1.186/2017 - Plenário, segundo o qual, nas licitações para contratação de mão de obra terceirizada, a Administração "deve estabelecer na minuta do contrato que a parcela mensal a título de aviso prévio trabalhado será no percentual máximo de 1,94% no primeiro ano, e, em caso de prorrogação do contrato, o percentual máximo dessa parcela será de 0,194% a cada ano de prorrogação, a ser incluído por ocasião da formulação do aditivo da prorrogação do contrato, conforme a Lei 12.506/2011" (Enunciado do Boletim de Jurisprudência nº 176/2017)

Sheet Anexo III B- Materiais_Insumos
A2: ANEXO III B – PLANILHA DE CUSTOS DE MATERIAIS E INSUMOS - Campina Grande
A4: PLANILHA ESTIMATIVA DE CUSTOS DE MATERIAIS E INSUMOS
A6: ITEM | B6: DESCRIÇÃO | C6: UNID | D6: QUANTIDADE | E6: PREÇO UNITÁRIO S/BDI | F6: PREÇO PARCIAL | G6: BDI | H6: PREÇO UNITÁRIO C/BDI | I6: PREÇO TOTAL
A8: 2 | F8: =SUM(F9:F15) -> 0 | I8: =SUM(I9:I15) -> 0
A9: 2.1 | B9: ELETRODUTO DE PVC RIGIDO ROSCAVEL DE 1 ", SEM LUVA | C9: M | D9: 40 | E9: 0 | F9: =D9*E9 -> 0 | G9: 0 | H9: =E9*(1+$G$9) -> 0 | I9: =H9*D9 -> 0
A10: 2.2 | B10: ELETRODUTO DE PVC RIGIDO ROSCAVEL DE 1/2 ", SEM LUVA | C10: M | D10: 45 | E10: 0 | F10: =D10*E10 -> 0 | H10: =E10*(1+$G$9) -> 0 | I10: =H10*D10 -> 0
A11: 2.3 | B11: ELETRODUTO DE PVC RIGIDO ROSCAVEL DE 3/4 ", SEM LUVA | C11: M | D11: 50 | E11: 0 | F11: =D11*E11 -> 0 | H11: =E11*(1+$G$9) -> 0 | I11: =H11*D11 -> 0
A12: 2.4 | B12: CURVA 90 GRAUS, LONGA, DE PVC RIGIDO ROSCAVEL, DE 1", PARA ELETRODUTO | C12: UN | D12: 10 | E12: 0 | F12: =D12*E12 -> 0 | H12: =E12*(1+$G$9) -> 0 | I12: =H12*D12 -> 0
A13: 2.5 | B13: LUVA EM PVC RIGIDO ROSCAVEL, DE 3/4", PARA ELETRODUTO | C13: UN | D13: 20 | E13: 0 | F13: =D13*E13 -> 0 | H13: =E13*(1+$G$9) -> 0 | I13: =H13*D13 -> 0
A14: 2.6 | B14: LUVA EM PVC RIGIDO ROSCAVEL, DE 1", PARA ELETRODUTO | C14: UN | D14: 20 | E14: 0 | F14: =D14*E14 -> 0 | H14: =E14*(1+$G$9) -> 0 | I14: =H14*D14 -> 0
A15: 2.7 | B15: CURVA 90 GRAUS, LONGA, DE PVC RIGIDO ROSCAVEL, DE 3/4", PARA ELETRODUTO | C15: UN | D15: 10 | E15: 0 | F15: =D15*E15 -> 0 | H15: =E15*(1+$G$9) -> 0 | I15: =H15*D15 -> 0
F16: =SUM(F17:F32) -> 0 | I16: =SUM(I17:I32) -> 0
A17: 2.8 | B17: CURVA DE PVC 90 GRAUS, SOLDAVEL, 20 MM, COR MARROM, PARA AGUA FRIA PREDIAL | C17: UN | D17: 10 | E17: 0 | F17: =D17*E17 -> 0 | H17: =E17*(1+$G$9) -> 0 | I17: =H17*D17 -> 0
A18: 2.9 | B18: CURVA DE PVC 90 GRAUS, SOLDAVEL, 32 MM, COR MARROM, PARA AGUA FRIA PREDIAL | C18: UN | D18: 10 | E18: 0 | F18: =D18*E18 -> 0 | H18: =E18*(1+$G$9) -> 0 | I18: =H18*D18 -> 0
A19: 2.10 | B19: TUBO PVC, SOLDAVEL, DE 25 MM, AGUA FRIA (NBR-5648) | C19: M | D19: 40 | E19: 0 | F19: =D19*E19 -> 0 | H19: =E19*(1+$G$9) -> 0 | I19: =H19*D19 -> 0
A20: 2.11 | B20: TUBO PVC, SOLDAVEL, DE 32 MM, AGUA FRIA (NBR-5648) | C20: M | D20: 30 | E20: 0 | F20: =D20*E20 -> 0 | H20: =E20*(1+$G$9) -> 0 | I20: =H20*D20 -> 0
A21: 2.12 | B21: JOELHO, PVC SOLDAVEL, 45 GRAUS, 20 MM, COR MARROM, PARA AGUA FRIA PREDIAL | C21: UN | D21: 10 | E21: 0 | F21: =D21*E21 -> 0 | H21: =E21*(1+$G$9) -> 0 | I21: =H21*D21 -> 0
A22: 2.13 | B22: JOELHO, PVC SOLDAVEL, 45 GRAUS, 25 MM, COR MARROM, PARA AGUA FRIA PREDIAL | C22: UN | D22: 10 | E22: 0 | F22: =D22*E22 -> 0 | H22: =E22*(1+$G$9) -> 0 | I22: =H22*D22 -> 0
A23: 2.14 | B23: JOELHO, PVC SOLDAVEL, 45 GRAUS, 32 MM, COR MARROM, PARA AGUA FRIA PREDIAL | C23: UN | D23: 10 | E23: 0 | F23: =D23*E23 -> 0 | H23: =E23*(1+$G$9) -> 0 | I23: =H23*D23 -> 0
A24: 2.15 | B24: TE SOLDAVEL, PVC, 90 GRAUS, 20 MM, PARA AGUA FRIA PREDIAL (NBR 5648) | C24: UN | D24: 20 | E24: 0 | F24: =D24*E24 -> 0 | H24: =E24*(1+$G$9) -> 0 | I24: =H24*D24 -> 0
A25: 2.16 | B25: TE SOLDAVEL, PVC, 90 GRAUS, 25 MM, PARA AGUA FRIA PREDIAL (NBR 5648) | C25: UN | D25: 15 | E25: 0 | F25: =D25*E25 -> 0 | H25: =E25*(1+$G$9) -> 0 | I25: =H25*D25 -> 0
A26: 2.17 | B26: TE SOLDAVEL, PVC, 90 GRAUS, 32 MM, PARA AGUA FRIA PREDIAL (NBR 5648) | C26: UN | D26: 10 | E26: 0 | F26: =D26*E26 -> 0 | H26: =E26*(1+$G$9) -> 0 | I26: =H26*D26 -> 0
A27: 2.18 | B27: TE DE REDUCAO, PVC, SOLDAVEL, 90 GRAUS, 32 MM X 25 MM, PARA AGUA FRIA PREDIAL | C27: UN | D27: 10 | E27: 0 | F27: =D27*E27 -> 0 | H27: =E27*(1+$G$9) -> 0 | I27: =H27*D27 -> 0
A28: 2.19 | B28: TE DE REDUCAO, PVC, SOLDAVEL, 90 GRAUS, 25 MM X 20 MM, PARA AGUA FRIA PREDIAL | C28: UN | D28: 15 | E28: 0 | F28: =D28*E28 -> 0 | H28: =E28*(1+$G$9) -> 0 | I28: =H28*D28 -> 0
... A32: 2.23 | B32: LUVA DE REDUCAO SOLDAVEL, PVC, 32 MM X 25 MM, PARA AGUA FRIA PREDIAL | C32: UN | D32: 20 | E32: 0 | F32: =D32*E32 -> 0 | H32: =E32*(1+$G$9) -> 0 | I32: =H32*D32 -> 0
F33: =SUM(F34:F42) -> 0 | I33: =SUM(I34:I42) -> 0
A34: 2.24 | B34: SOLDA EM VARETA FOSCOPER, D = *2,5* MM X COMPRIMENTO 500 MM | C34: KG | D34: 5 | E34: 0 | F34: =D34*E34 -> 0 | H34: =E34*(1+$G$9) -> 0 | I34: =H34*D34 -> 0
A35: 2.25 | B35: PASTA PARA SOLDA DE TUBOS E CONEXOES DE COBRE (EMBALAGEM COM 250 G) | C35: UN | D35: 5 | E35: 0 | F35: =D35*E35 -> 0 | H35: =E35*(1+$G$9) -> 0 | I35: =H35*D35 -> 0
A36: 2.26 | B36: Cilindro refil de gás MAPP bernzomatic - 400g | C36: UN | D36: 10 | E36: 0 | F36: =D36*E36 -> 0 | H36: =E36*(1+$G$9) -> 0 | I36: =H36*D36 -> 0
A37: 2.27 | B37: ESTOPA | C37: UN | D37: 15 | E37: 0 | F37: =D37*E37 -> 0 | H37: =E37*(1+$G$9) -> 0 | I37: =H37*D37 -> 0
A38: 2.28 | B38: TRINCHA CERDAS GRIS 1.1/2" (38 MM) | C38: UN | D38: 8 | E38: 0 | F38: =D38*E38 -> 0 | H38: =E38*(1+$G$9) -> 0 | I38: =H38*D38 -> 0
A39: 2.29 | B39: Manta Filtrante Classe G3/G4 - Rolo 20 Metros | C39: UN | D39: 5 | E39: 0 | F39: =D39*E39 -> 0 | H39: =E39*(1+$G$9) -> 0 | I39: =H39*D39 -> 0
A40: 2.30 | B40: DETERGENTE NEUTRO USO GERAL, CONCENTRADO | C40: UN | D40: 24 | E40: 0 | F40: =D40*E40 -> 0 | H40: =E40*(1+$G$9) -> 0 | I40: =H40*D40 -> 0
A41: 2.31 | B41: CLORO LÍQUIDO | C41: UN | D41: 12 | E41: 0 | F41: =D41*E41 -> 0 | H41: =E41*(1+$G$9) -> 0 | I41: =H41*D41 -> 0
A42: 2.32 | B42: FITA ISOLANTE ADESIVA ANTICHAMA, USO ATE 750 V, EM ROLO DE 19 MM X 20 M | C42: UN | D42: 24 | E42: 0 | F42: =D42*E42 -> 0 | H42: =E42*(1+$G$9) -> 0 | I42: =H42*D42 -> 0
F43: =SUM(F44:F51) -> 0 | I43: =SUM(I44:I51) -> 0
A44: 2.33 | B44: CONE DE SINALIZACAO EM PVC RIGIDO COM FAIXA REFLETIVA, H = 70 / 76 CM | C44: UN | D44: 4 | E44: 0 | F44: =D44*E44 -> 0 | H44: =E44*(1+$G$9) -> 0 | I44: =H44*D44 -> 0
A45: 2.34 | B45: CORDA DE POLIAMIDA 12 MM TIPO BOMBEIRO, PARA TRABALHO EM ALTURA (100M) | C45: UN | D45: 2 | E45: 0 | F45: =D45*E45 -> 0 | H45: =E45*(1+$G$9) -> 0 | I45: =H45*D45 -> 0
A46: 2.35 | B46: CABO DE ACO GALVANIZADO, DIAMETRO 12,7 MM (1/2"), COM ALMA DE FIBRA 6 X 25 F | C46: KG | D46: 6 | E46: 0 | F46: =D46*E46 -> 0 | H46: =E46*(1+$G$9) -> 0 | I46: =H46*D46 -> 0
A47: 2.36 | B47: TABUA APARELHADA *2,5 X 25* CM, EM MACARANDUBA/MASSARANDUBA, ANGELIM OU EQUIVALENTE DA REGIAO | C47: M | D47: 5 | E47: 0 | F47: =D47*E47 -> 0 | H47: =E47*(1+$G$9) -> 0 | I47: =H47*D47 -> 0
A48: 2.37 | B48: BOMBA DE VÁCUO 12 CFM DUPLO ESTÁGIO BIVOLT | C48: UN | D48: 1 | E48: 0 | F48: =D48*E48 -> 0 | H48: =E48*(1+$G$9) -> 0 | I48: =H48*D48 -> 0
A49: 2.38 | B49: LAVADORA DE ALTA PRESSAO (LAVA - JATO) PARA AGUA FRIA, PRESSAO DE OPERACAO ENTRE 1400 E 1900 LIB/POL2, VAZAO MAXIMA ENTRE 400 E 700 L/H, POTENCIA DE OPERACAO ENTRE 2,50 E 3,00 CV | C49: UN | D49: 1 | E49: 0 | F49: =D49*E49 -> 0 | H49: =E49*(1+$G$9) -> 0 | I49: =H49*D49 -> 0
A50: 2.39 | B50: APARELHO CORTE OXI-ACETILENO PARA SOLDA E CORTE CONTENDO MACARICO SOLDA, BICO DE CORTE, CILINDROS, REGULADORES, MANGUEIRAS E CARRINHO | C50: UN | D50: 1 | E50: 0 | F50: =D50*E50 -> 0 | H50: =E50*(1+$G$9) -> 0 | I50: =H50*D50 -> 0
A51: 2.40 | B51: ESCADA EXTENSIVEL EM ALUMINIO, COM SAPATAS DE BORRACHA, ALTURA FECHADA 3,60 M, ALTURA ESTENDIDA DE 6,0 A 6,30 M, LARGURA MINIMA DE 35 CM, CACIDADE *120* KG | C51: UN | D51: 1 | E51: 0 | F51: =D51*E51 -> 0 | H51: =E51*(1+$G$9) -> 0 | I51: =H51*D51 -> 0
A52: TOTAL ANUAL | F52: =F8+F16+F33+F43 -> 0 | I52: =I8+I16+I33+I43 -> 0
A53: TOTAL MENSAL | F53: =F52/12 -> 0 | I53: =I52/12 -> 0
A54: DESCONTO OFERECIDO PELA LICITANTE EM PERCENTUAL | I54: ______%
A56: *OBS: A QUANTIDADE DE MATERIAL É UMA ESTIMATIVA QUE NÃO IMPEDE A UTILIZAÇÃO DE OUTROS MATERIAIS NÃO LISTADOS NESTA RELAÇÃO DEPENDENDO DA NECESSIDADE.
A57: IMPORTANTE: O CORRETO PREENCHIMENTO DAS PLANILHAS, INCLUSIVE QUANTO A FÓRMULAS, É DE RESPONSABILIDADE ÚNICA E EXCLUSIVA DA LICITANTE.

Sheet Anexo III C - Peças sob Demanda
A2: ANEXO III C – PLANILHA DE CUSTOS DE PEÇAS SOB DEMANDA - Campina Grande
A4: PLANILHA ESTIMATIVA DE CUSTOS DE PEÇAS SOB DEMANDA
A6: ITEM | B6: DESCRIÇÃO | C6: UNID | D6: QUANTIDADE | E6: PREÇO UNITÁRIO s/BDI | F6: TOTAL S/BDI | G6: BDI | H6: PREÇO UNITÁRIO c/BDI | I6: TOTAL c/BDI
A9: 5
A10: 5.1 | B10: CAPACITORES | C10: UN | D10: 60 | E10: 0 | F10: =D10*E10 -> 0 | G10: 0 | H10: =E10*(1+$G$10) -> 0 | I10: =D10*H10 -> 0
A11: 5.2 | B11: CONTATOR TRIPOLAR, CORRENTE DE 25 A, TENSAO NOMINAL DE *500* V, CATEGORIA AC-2 E AC-3 | C11: UN | D11: 3 | E11: 0 | F11: =D11*E11 -> 0 | H11: =E11*(1+$G$10) -> 0 | I11: =D11*H11 -> 0
A12: 5.3 | B12: CONTATOR TRIPOLAR, CORRENTE DE 32 A, TENSAO NOMINAL DE *500* V, CATEGORIA AC-2 E AC-3 | C12: UN | D12: 3 | E12: 0 | F12: =D12*E12 -> 0 | H12: =E12*(1+$G$10) -> 0 | I12: =D12*H12 -> 0
A13: 5.4 | B13: CONTATOR TRIPOLAR, CORRENTE DE 45 A, TENSAO NOMINAL DE *500* V, CATEGORIA AC-2 E AC-3 | C13: UN | D13: 3 | E13: 0 | F13: =D13*E13 -> 0 | H13: =E13*(1+$G$10) -> 0 | I13: =D13*H13 -> 0
A14: 5.5 | B14: Placa eletrônica PRINCIPAL para aparelhos de ar condicionado de qualquer capacidade | C14: UN | D14: 12 | E14: 0 | F14: =D14*E14 -> 0 | H14: =E14*(1+$G$10) -> 0 | I14: =D14*H14 -> 0
A15: 5.6 | B15: Placa eletrônica UNIVERSAL COM CONTROLE para aparelhos de ar condicionado de qualquer capacidade | C15: UN | D15: 12 | E15: 0 | F15: =D15*E15 -> 0 | H15: =E15*(1+$G$10) -> 0 | I15: =D15*H15 -> 0
A16: 5.7 | B16: SENSOR DE TEMPERATURA | C16: UN | D16: 15 | E16: 0 | F16: =D16*E16 -> 0 | H16: =E16*(1+$G$10) -> 0 | I16: =D16*H16 -> 0
A17: 5.8 | B17: DISJUNTOR TERMOMAGNETICO PARA TRILHO DIN (IEC), MONOPOLAR, 6 - 32 A | C17: UN | D17: 2 | E17: 0 | F17: =D17*E17 -> 0 | H17: =E17*(1+$G$10) -> 0 | I17: =D17*H17 -> 0
A18: 5.9 | B18: DISJUNTOR TERMOMAGNETICO PARA TRILHO DIN (IEC), TRIPOLAR, 10 - 50 A | C18: UN | D18: 2 | E18: 0 | F18: =D18*E18 -> 0 | H18: =E18*(1+$G$10) -> 0 | I18: =D18*H18 -> 0
A19: 5.10 | B19: DISJUNTOR TIPO NEMA, MONOPOLAR 10 ATE 30A, TENSAO MAXIMA DE 240 V | C19: UN | D19: 2 | E19: 0 | F19: =D19*E19 -> 0 | H19: =E19*(1+$G$10) -> 0 | I19: =D19*H19 -> 0
A20: 5.11 | B20: DISJUNTOR TIPO NEMA, TRIPOLAR 10 ATE 50A, TENSAO MAXIMA DE 415 V | C20: UN | D20: 2 | E20: 0 | F20: =D20*E20 -> 0 | H20: =E20*(1+$G$10) -> 0 | I20: =D20*H20 -> 0
A21: 5.12 | B21: Compressor para ar condicionado até 9.000 BTU/h. | C21: UN | D21: 3 | E21: 0 | F21: =D21*E21 -> 0 | H21: =E21*(1+$G$10) -> 0 | I21: =D21*H21 -> 0
A22: 5.13 | B22: Compressor para ar condicionado de 12.000 BTU/h. | C22: UN | D22: 3 | E22: 0 | F22: =D22*E22 -> 0 | H22: =E22*(1+$G$10) -> 0 | I22: =D22*H22 -> 0
... A34: 5.25 | B34: Compressor para ar condicionado Inverter de 48.000 BTU/h | C34: UN | D34: 1 | E34: 0 | F34: =D34*E34 -> 0 | H34: =E34*(1+$G$10) -> 0 | I34: =D34*H34 -> 0
A35: 5.26 | C35: UN | D35: 1 | E35: 0 | F35: =D35*E35 -> 0 | H35: =E35*(1+$G$10) -> 0 | I35: =D35*H35 -> 0
A36: 5.27 | B36: Turbina de Evaporadora de Split e Acj com capacidade de 7.500 até 12.000 btu/h | C36: UN | D36: 2 | E36: 0 | F36: =D36*E36 -> 0 | H36: =E36*(1+$G$10) -> 0 | I36: =D36*H36 -> 0
A37: 5.28 | B37: Turbina de Evaporadora de Split e Acj com capacidade de 18.000 até 36.000 btu/h | C37: UN | D37: 2 | E37: 0 | F37: =D37*E37 -> 0 | H37: =E37*(1+$G$10) -> 0 | I37: =D37*H37 -> 0
A38: 5.29 | B38: Turbina de Evaporadora de Split e Acj com capacidade de 48.000 até 60.000 btu/h | C38: UN | D38: 2 | E38: 0 | F38: =D38*E38 -> 0 | H38: =E38*(1+$G$10) -> 0 | I38: =D38*H38 -> 0
A39: 5.30 | B39: Turbina de Evaporadora de Cassete de qualquer capacidade | C39: UN | D39: 2 | E39: 0 | F39: =D39*E39 -> 0 | H39: =E39*(1+$G$10) -> 0 | I39: =D39*H39 -> 0
A40: 5.31 | B40: Hélice de Condensadora de Cassete, Split e Acj com capacidade de 7.500 até 12.000 btu/h | C40: UN | D40: 4 | E40: 0 | F40: =D40*E40 -> 0 | H40: =E40*(1+$G$10) -> 0 | I40: =D40*H40 -> 0
A41: 5.32 | B41: Hélice de Condensadora de Cassete, Split e Acj com capacidade de 18.000 até 36.000 btu/h | C41: UN | D41: 4 | E41: 0 | F41: =D41*E41 -> 0 | H41: =E41*(1+$G$10) -> 0 | I41: =D41*H41 -> 0
A42: 5.33 | B42: Hélice de Condensadora de Cassete, Split e Acj com capacidade de 48.000 até 60.000 btu/h | C42: UN | D42: 4 | E42: 0 | F42: =D42*E42 -> 0 | H42: =E42*(1+$G$10) -> 0 | I42: =D42*H42 -> 0
A43: 5.34 | B43: Motores ventiladores da evaporadora de equipamentos com capacidade de até 12.000 BTUs | C43: UN | D43: 3 | E43: 0 | F43: =D43*E43 -> 0 | H43: =E43*(1+$G$10) -> 0 | I43: =D43*H43 -> 0
A44: 5.35 | B44: Motores ventiladores da evaporadora de equipamentos com capacidade acima de 18.000 até 24.000 BTUs | C44: UN | D44: 3 | E44: 0 | F44: =D44*E44 -> 0 | H44: =E44*(1+$G$10) -> 0 | I44: =D44*H44 -> 0
A45: 5.36 | B45: Motores ventiladores da evaporadora de equipamentos com capacidade acima de 24.000 até 36.000 BTUs | C45: UN | D45: 3 | E45: 0 | F45: =D45*E45 -> 0 | H45: =E45*(1+$G$10) -> 0 | I45: =D45*H45 -> 0
A46: 5.37 | B46: Motores ventiladores da evaporadora de equipamentos com capacidade acima de 36.000 até 60.000 BTUs. | C46: UN | D46: 3 | E46: 0 | F46: =D46*E46 -> 0 | H46: =E46*(1+$G$10) -> 0 | I46: =D46*H46 -> 0
A47: 5.38 | B47: Motores ventiladores da condensadora de equipamentos com capacidade de até 12.000 BTUs. | C47: UN | D47: 3 | E47: 0 | F47: =D47*E47 -> 0 | H47: =E47*(1+$G$10) -> 0 | I47: =D47*H47 -> 0
... A84: 5.75 | B84: GÁS REFRIGERANTE R32 | C84: KG | D84: 30 | E84: 0 | F84: =D84*E84 -> 0 | H84: =E84*(1+$G$10) -> 0 | I84: =D84*H84 -> 0
A85: TOTAL ANUAL | F85: =SUM(F10:F84) -> 0 | I85: =SUM(I10:I84) -> 0
A86: TOTAL MENSAL | F86: =F85/12 -> 0 | I86: =I85/12 -> 0
A87: DESCONTO OFERECIDO PELA LICITANTE EM PERCENTUAL | I87: ______%
A89: *OBS: A QUANTIDADE DE MATERIAL DESTA LISTA É UMA ESTIMATIVA.
A90: IMPORTANTE: O CORRETO PREENCHIMENTO DAS PLANILHAS, INCLUSIVE QUANTO A FÓRMULAS, É DE RESPONSABILIDADE ÚNICA E EXCLUSIVA DA LICITANTE.

Sheet Anexo III D - Serv._Eventuais
A2: ANEXO III D – PLANILHA DE CUSTOS DOS SERVIÇOS EVENTUAIS - Campina Grande
A4: PLANILHA DE CUSTOS DOS SERVIÇOS EVENTUAIS
A5: Item | B5: Descrição | C5: Unid. | D5: Quant. | E5: Preço Unitário s/ BDI | F5: Preço Total s/BDI | G5: BDI | H5: Preço Unitário c/ BDI | I5: Preço Total c/BDI
A7: 6
A8: 6.1 | B8: Serviços de Coleta e Análise Bacteriológica e Microbiológica do Ar | C8: sv | D8: 206 | E8: 0 | F8: =D8*E8 -> 0 | G8: 0 | H8: =E8*(1+$G$8) -> 0 | I8: =H8*D8 -> 0
A9: 6.2 | B9: Limpeza e dutos de ar condicionado e exaustores | C9: m | D9: 200 | E9: 0 | F9: =D9*E9 -> 0 | H9: =E9*(1+$G$8) -> 0 | I9: =H9*D9 -> 0
A11: TOTAL GERAL ANUAL S/ BDI (R$) = | I11: =F8+F9 -> 0
A13: TOTAL MENSAL S/ BDI (R$) = | I13: =I11/12 -> 0
A15: TOTAL GERAL ANUAL C/ BDI (R$) = | I15: =I8+I9 -> 0
A17: TOTAL MENSAL C/ BDI (R$) = | I17: =I15/12 -> 0
A19: DESCONTO OFERECIDO PELA LICITANTE EM PERCENTUAL | I19: ______%

Sheet Anexo III E - Cálculo BDI
A2: ANEXO III E - COMPOSIÇÃO DA TAXA DE BDI - Campina Grande
A5: CÁLCULO DO BDI REFERENCIAL | F5: CÁLCULO DO BDI DIFERENCIADO
A6: (SERVIÇOS PREVENTIVOS, CORRETIVOS E EVENTUAIS) | F6: (PEÇAS SOB DEMANDA)
A8: COMPONENTE | D8: INCIDÊNCIA | F8: COMPONENTE | I8: INCIDÊNCIA
A9: A | C9: DESPESAS INDIRETAS | F9: A | H9: DESPESAS INDIRETAS
B10: 1 | C10: Administração Central | D10: 0 | G10: 1 | H10: Administração Central | I10: 0
B11: 2 | C11: Seguros + Garantias | D11: 0 | G11: 2 | H11: Seguros + Garantias | I11: 0
B12: 3 | C12: Riscos | D12: 0 | G12: 3 | H12: Riscos | I12: 0
B13: 4 | C13: Despesas Financeiras | D13: 0 | G13: 4 | H13: Despesas Financeiras | I13: 0
A16: B | C16: TRIBUTOS | F16: B | H16: TRIBUTOS
B17: 1 | C17: COFINS - Contribuição financiamento seguridade social | D17: 0 | G17: 1 | H17: COFINS - Contribuição financiamento seguridade social | I17: 0
B18: 2 | C18: PIS - Programa de Integração Social | D18: 0 | G18: 2 | H18: PIS - Programa de Integração Social | I18: 0
B19: 3 | C19: ISS - Imposto sobre serviço de qualquer natureza | D19: 0 | G19: 3 | H19: ISS - Imposto sobre serviço de qualquer natureza | I19: 0
B20: 4 | C20: Contribuição Previdenciária sobre Receita Bruta | D20: 0 | G20: 4 | H20: Contribuição Previdenciária sobre Receita Bruta | I20: 0
A23: C | C23: BONIFICAÇÃO | F23: C | H23: BONIFICAÇÃO
B24: 1 | C24: Lucro | D24: 0 | G24: 1 | H24: Lucro | I24: 0
B25: 2 | G25: 2
B26: 3 | G26: 3
B27: 4 | G27: 4
A30: B D I | D30: =(((1+(D10+D11+D12))*(1+D13)*(1+D24))/(1-(D17+D18+D19+D20))-1) -> 0 | F30: B D I | I30: =(((1+(I10+I11+I12))*(1+I13)*(1+I24))/(1-(I17+I18+I19+I20))-1) -> 0
A33: Observações:
A34: (*) % de ISS deverá observar a legislação de cada município abrangido pelo contrato, sendo adotado a média ponderada levando em consideração a área dos imóveis e o percentual da mão de obra.
A35: Obs.: Os índices utilizados foram colhidos do ACÓRDÃO Nº 2622/2013 – TCU – Plenário.
A37: FÓRMULA UTILIZADA PARA CÁLCULO DO BDI
A39: AC | B39: Taxa representativa das despesas de rateio da Administração Central
A40: S | B40: Taxa representativa de Seguros
A41: R | B41: Taxa representativa de Riscos
A42: G | B42: Taxa representativa de Garantias
A43: DF | B43: Taxa representativa das Despesas Financeiras
A44: L | B44: Taxa representativa do Lucro
A45: I | B45: Taxa representativa da incidência de Impostos
B46: Taxa representativa da incidência de impostos é aplicada sobre o preço de venda da prestação do serviço, enquanto que as demais taxas são aplicadas sobre o custo.

Sheet Anexo III F - Transp. +_Diárias
A1: COTAÇÃO DE PREÇO DO DESLOCAMENTO
A2: GRUPO | B2: CÓDIGO | C2: DESCRIÇÃO | G2: UNIDADE | H2: PREÇO UNITÁRIO | I2: INDICE | J2: PREÇO TOTAL
A3: - | B3: - | C3: GASOLINA COMUM (CONSUMO) | G3: L | H3: 0 | I3: 0.10526316 | J3: =H3*I3 -> 0
A4: - | B4: - | C4: VEÍCULO AUTOMOTOR | G4: UNIDADE | H4: 0 | I4: 8.5627418e-06 | J4: =H4*I4 -> 0
A5: - | B5: - | C5: IMPOSTOS E SEGUROS | G5: UNIDADE | H5: 0 | I5: 1.2844113e-07 | J5: =H5*I5 -> 0
A6: - | B6: - | C6: DEPRECIAÇÃO | G6: UNIDADE | H6: 0 | I6: 1.027529e-06 | J6: =H6*I6 -> 0
A7: - | B7: - | C7: MANUTENÇÃO | G7: UNIDADE | H7: 0 | I7: 1.027529e-06 | J7: =H7*I7 -> 0
A8: - | B8: - | C8: JUROS | G8: UNIDADE | H8: 0 | I8: 3.0825871e-07 | J8: =H8*I8 -> 0
A9: - | B9: - | C9: CUSTO IMPRODUTIVO (KM) | G9: KM | H9: 0 | I9: 0.78445217 | J9: =H9*I9 -> 0
A10: CUSTO POR QUILÔMETRO DO VEÍCULO (R$) | J10: =SUM(J3:J9) -> 0
A12: RESUMO DAS ESTIMATIVAS DE DESLOCAMENTOS E DIÁRIAS
A13: ITEM | B13: DESCRIÇÃO | E13: QUANTIDADE MENSAL | F13: PREÇO UNITÁRIO | G13: CUSTO MENSAL (SEM BDI) | H13: QUANTIDADE ANUAL | I13: VALOR ANUAL (SEM BDI) | J13: %
A14: 1 | B14: ESTIMATIVA DE PERNOITE E ALIMENTAÇÃO (JANTAR) | E14: 14 | F14: 0 | G14: =E14*F14 -> 0 | H14: =E14*12 -> 168 | I14: =H14*F14 -> 0 | J14: =I14/G19 -> #DIV/0!
A15: 2 | B15: ESTIMATIVA - PEDÁGIO E OUTRAS TARIFAS | E15: 0 | F15: 0 | G15: 0 | H15: =E15*12 -> 0 | I15: 0 | J15: 0
A16: 3 | B16: ESTIMATIVA P/DESPESAS C/TRANSPORTE - ÔNIBUS RODOVIÁRIO | E16: 0 | F16: 0 | G16: 0 | H16: =E16*12 -> 0 | I16: 0 | J16: 0
A17: 4 | B17: ESTIMATIVA - DESLOCAMENTO VEÍCULO MANUTENÇÃO | E17: 1809 | F17: =J10 -> 0 | G17: =E17*F17 -> 0 | H17: =E17*12 -> 21708 | I17: =H17*F17 -> 0 | J17: =I17/G19 -> #DIV/0!
A19: ESTIMATIVA TOTAL ANUAL | G19: =I14+I15+I16+I17 -> 0
A20: ESTIMATIVA TOTAL MENSAL | G20: =G19/12 -> 0

Sheet Memória_Cálculo
A1: MEMÓRIA DE CÁLCULO - PLANILHA DE CUSTOS E FORMAÇÃO DE PREÇOS DE MÃO DE OBRA
A3: REFERÊNCIAS PARA O SALÁRIO NORMATIVO: | B3: PROFISSIONAIS NECESSÁRIOS | C3: FUNCIONÁRIO (CBO)
B4: SALÁRIO NORMATIVO DA CATEGORIA | C4: SALÁRIO NORMATIVO
C5: FONTE
A7: CUSTOS | B7: PERCENTUAIS E VALORES DE REFERÊNCIA
A8: MÓDULO 1: COMPOSIÇÃO DA REMUNERAÇÃO
A9: 1 - Composição da Remuneração | C9: Valor (R$)
A10: A - Salário Base | C10: SALÁRIO NORMATIVO
A11: B - Adicional por atividade CCT
A12: C - Adicional insalubridade / periculosidade | B12: 0.3 | C12: ADICIONAL POR ATIVIDADE
A13: D - Adicional noturno
A14: E - Adicional de Hora Noturna Reduzida
A15: F - Adicional de Hora Extra no Feriado Trabalhado
A16: G - Outros (especificar)
A17: TOTAL DO MÓDULO 1 (COMPOSIÇÃO DA REMUNERAÇÃO) | C17: SOMA DOS VALORES DO MÓDULO
A19: MÓDULO 2: ENCARGOS E BENEFÍCIOS ANUAIS, MENSAIS E DIÁRIOS
A20: Submódulo 2.1 - 13º Salário e Adicional de Férias
A21: 2.1 - 13º Salário, Férias e Adicional de Férias | C21: Valor (R$)
A22: A - 13º salário | B22: 0.0833 | C22: 1/12 = 8,33
A23: B – Férias + Adicional de Férias | B23: 0.027766667 | C23: 1/12*1/3 = 2,78
A24: TOTAL DE 13º SALÁRIO E ADICIONAL DE FÉRIAS | B24: 0.11106667 | C24: SOMA 2.1
A25: Submódulo 2.2 - Encargos previdenciários e FGTS
A26: 2.2 - Encargos previdenciários e FGTS (incide sobre modulo 1 e submódulo 2.2) | C26: Valor (R$)
A27: A - INSS | B27: 0.05 | C27: DESONERADA
A28: B - Salário Educação | B28: 0.025 | C28: Fundamentação: art. 3º, inciso I, do Decreto nº 87.043/8
A29: C - Seguro Acidente do Trabalho/SAT/INSS | B29: 0.03 | C29: art. 22, inciso II, alíneas ‘b’ e ‘c’, da Lei nº 8.212/91
A30: D - SESI ou SESC | B30: 0.015 | C30: art. 30 da Lei nº 8.036/90 e art. 1º da Lei nº 8.154/90.
A31: E - SENAI ou SENAC | B31: 0.01 | C31: Decreto-Lei nº 2.318/86
A32: F - SEBRAE | B32: 0.006 | C32: Lei nº 8.029/90, alterada pela Lei nº 8.154/90.
A33: G - INCRA | B33: 0.002 | C33: art. 1º, inciso I, do Decreto-Lei nº 1.146/70
A34: F - FGTS | B34: 0.08 | C34: art. 15 da Lei nº 8.036/90 e art. 7º, inciso III, da Constituição Federal de 1988.
A35: TOTAL DE ENCARGOS PREVIDENCIÁRIOS E FGTS | B35: 0.368 | C35: SOMA 2.2
A36: Submódulo 2.3 – Benefícios Mensais e Diários
A37: 2.3 - Benefícios Mensais e Diários | C37: Valor (R$)
A38: A - Transporte | C38: VALOR TRANSPORTE OFICIAL
A39: B - Auxílio alimentação (Vales, cesta básica etc.) | C39: VALOR CONVENÇÃO COLETIVA
A40: C - Assistência médica e familiar | C40: 0
A41: D - Auxílio creche | C41: 0
A42: E - Seguro de vida, invalidez e funeral | C42: 0
A43: F - Outros (especificar) | C43: 0
A44: TOTAL DOS BENEFÍCIOS MENSAIS E DIÁRIOS | C44: SOMA 2.3
A45: QUADRO RESUMO - MÓDULO 2- ENCARGOS E BENEFÍCIOS ANUAIS, MENSAIS E DIÁRIOS | C45: Valor (R$)
A46: 2.1 - 13º Salário e Adicional de Férias | B46: 0.11106667 | C46: SOMA 2.1
A47: 2.2 - Encargos previdenciários e FGTS | B47: 0.368 | C47: SOMA 2.2
A48: 2.3 - Benefícios Mensais e Diários | C48: SOMA 2.3
A49: TOTAL DO MÓDULO 2 (ENCARGOS E BENEFÍCIOS ANUAIS, MENSAIS E DIÁRIOS) | C49: SOMA DOS VALORES DO MÓDULO
A51: MÓDULO 3: PROVISÃO PARA RESCISÃO
A52: 3 - Provisão para Rescisão | C52: Valor (R$)
A53: A - Aviso prévio indenizado | B53: 0.0042 | C53: 1 SALÁRIO X 1/12 SALÁRIO NÃO TRABALHADO X 5 % (ESTATÍSTICA) = 0,42
A54: B - Incidência do FGTS sobre Aviso Prévio Indenizado | B54: 0.000336 | C54: 8% FGTS X AVISO PRÉVIO INDENIZADO
A55: C - Multa do FGTS e Contribuição Social sobre o aviso prévio indenizado | B55: 0.0001344 | C55: AVISO PRÉVIO INDENIZADO x FGTS x 40%
A56: D - Aviso prévio trabalhado | B56: 0.0194 | C56: ((1 remuneração integral / 30 dias) x 7 dias) / 12 meses
A57: E - Incidência de GPS, FGTS e outras contribuições (submódulo 2.2) sobre o Aviso Prévio Trabalhado | B57: 0.0071392 | C57: SOMA 2.2 x Aviso Prévio Trabalhado
A58: F -Multa do FGTS e contribuição social sobre o Aviso Prévio Trabalhado | B58: 0.0344 | C58: FGTS 8% X 40% MULTA X 0,9 (ESTATISTICA) X (1 + 1/12 +1/12 + 1/3*1/12)( SALÁRIO + DECIMO TERCEIRO + FÉRIAS + ADICIONAL)
A59: TOTAL DO MÓDULO 3 (PROVISÃO PARA RESCISÃO) | B59: 0.0656096 | C59: SOMA DOS VALORES DO MÓDULO
A61: MÓDULO 4: CUSTO DE REPOSIÇÃO DO PROFISSIONAL AUSENTE
A62: Submódulo 4.1 – Ausências Legais
A63: 4.1 - Substituto nas Ausências Legais (incide sobre os modulos 1,2 e 3) | C63: Valor (R$)
A64: A - Substituto na Cobertura de Férias | B64: 0.0833 | C64: 1/12 = 8,33
A65: B - Substituto na Cobertura de Ausências Legais | B65: 0.0074 | C65: ENCARGOS SOCIAIS SINAPI
A66: C - Substituto na Cobertura de Licença Paternidade | B66: 0.0006 | C66: ENCARGOS SOCIAIS SINAPI
A67: D - Substituto na Cobertura de Ausência por Acidente de Trabalho | B67: 0.001 | C67: ENCARGOS SOCIAIS SINAPI
A68: E - Substituto na Cobertura de Afastamento Maternidade | B68: 0.0004 | C68: ENCARGOS SOCIAIS SINAPI
A69: F - Substituto na Cobertura de Doenças | B69: 0.0085 | C69: ENCARGOS SOCIAIS SINAPI
A70: G - Substituto na Cobertura de Outras Ausências (testemunho, doação de sangue, etc.) | B70: 0 | C70: ENCARGOS SOCIAIS SINAPI
A71: TOTAL DOS CUSTOS DE REPOSIÇÃO DO PROFISSIONAL AUSENTE | B71: 0.1012 | C71: SOMA 4.1
A72: 4.2 - Incidência do Submódulo 2.2 sobre o Módulo 4 | B72: 0.0372416 | C72: SOMA 2.2 X SOMA 4.1
A73: TOTAL DO MÓDULO 4 (CUSTO DE REPOSIÇÃO DO PROFISSIONAL AUSENTE) | B73: 0.1384416 | C73: SOMA DOS VALORES DO MÓDULO
A75: MÓDULO 5: INSUMOS DIVERSOS
A76: 5 – INSUMOS DIVERSOS | C76: Valor (R$)
A77: A – Uniformes | C77: 0
A78: B – Materiais | C78: 0
A79: C – Equipamentos | C79: 0
A80: D - Outros (especificar) | C80: 0
A81: TOTAL DO MÓDULO 5 (INSUMOS DIVERSOS) | C81: 0
A83: QUADRO RESUMO DO CUSTO MENSAL POR EMPREGADO
A84: Mão-de-obra vinculada à execução contratual (valor por empregado) | C84: Valor (R$)
A85: A - MÓDULO 1 - COMPOSIÇÃO DA REMUNERAÇÃO | C85: SOMA DOS VALORES DO MÓDULO
A86: B - MÓDULO 2 - ENCARGOS E BENEFÍCIOS ANUAIS, MENSAIS E DIÁRIOS | C86: SOMA DOS VALORES DO MÓDULO
A87: C - MÓDULO 3 - PROVISÃO PARA RESCISÃO | C87: SOMA DOS VALORES DO MÓDULO
A88: D – MÓDULO 4 - CUSTO DE REPOSIÇÃO DO PROFISSIONAL AUSENTE | C88: SOMA DOS VALORES DO MÓDULO
A89: D - MÓDULO 5 - INSUMOS DIVERSOS | C89: 0
A90: VALOR TOTAL POR EMPREGADO | C90: 0
A92: PERCENTUAL MENSAL POR EMPREGADO | C92: 1
A93: VALOR TOTAL MENSAL POR EMPREGADO | C93: 0
A95: OBSERVAÇÃO: A LICITANTE É RESPONSÁVEL PELO CORRETO PREENCHIMENTO, INCLUSIVE QUANTO A VERIFICAÇÃO DE FÓRMULAS DE CÁLCULO DA PLANILHA.
A96: A licitante deve adotar a correta tributação à qual esteja vinculada e caso tenha havido erro, e a tributação real seja pela CPRB, será promovido o reequilíbrio dos valores pactuados para correção da falha, caso contrário a empresa deve arcar com o ônus de seu equívoco, conforme notas introdutórias das minutas padrão do INSS;
A97: Acórdão nº 1.186/2017 - Plenário, segundo o qual, nas licitações para contratação de mão de obra terceirizada, a Administração "deve estabelecer na minuta do contrato que a parcela mensal a título de aviso prévio trabalhado será no percentual máximo de 1,94% no primeiro ano, e, em caso de prorrogação do contrato, o percentual máximo dessa parcela será de 0,194% a cada ano de prorrogação, a ser incluído por ocasião da formulação do aditivo da prorrogação do contrato, conforme a Lei 12.506/2011" (Enunciado do Boletim de Jurisprudência nº 176/2017)
